 Dungeon Crawl Stone Soup version 0.29-a0-284-gf9362112df (webtiles) character file.

Game seed: 2425524466485495772

1386 AttackTheMoon the Quickloader (level 9, -6/53 (55) HPs)
             Began as a Kobold Hunter on Mar 15, 2022.
             Was a Believer of Dithmenos.
             Mangled by a wight
             ... wielding a +2 short sword
              (8 damage)
             ... on level 6 of the Dungeon on Mar 25, 2022.
             The game lasted 00:18:22 (7143 turns).

AttackTheMoon the Quickloader (Kobold Hunter)       Turns: 7143, Time: 00:18:22

HP:   -6/53 (55)    AC:  5    Str:  8    XL:     9   Next: 0%
MP:   11/11         EV: 18    Int: 10    God:    Dithmenos [**....]
Gold: 274           SH:  0    Dex: 23    Spells: 8/8 levels left

rFire   . . .      SeeInvis .   v - +1 short sword (speed)
rCold   . . .      Faith    .   (no shield)
rNeg    + . .      Spirit   .   b - +1 leather armour
rPois   +          Reflect  .   (no helmet)
rElec   .          Harm     .   (no cloak)
rCorr   .          Rampage  .   (no gloves)
Will    .....                   u - +0 pair of boots
Stlth   ++++++....              g - amulet of magic regeneration
HPRegen 0.17/turn               h - ring of positive energy
MPRegen 0.52/turn               n - ring of poison resistance

@: wreathed by umbra, lightly drained
A: small, no large weapons, nightstalker 3
a: Renounce Religion, Shadow Step


You were on level 6 of the Dungeon.
You worshipped Dithmenos.
Dithmenos was pleased with you.
You visited 2 branches of the dungeon, and saw 8 of its levels.
You also visited: Sewer.

You collected 274 gold pieces.

Inventory:

Hand Weapons
 a - a +2 hand crossbow
 e - a +1 dagger of venom
 v - a +1 short sword of speed (weapon)
Missiles
 f - 2 curare-tipped darts (quivered)
 q - 5 poisoned darts
Armour
 b - a +1 leather armour (worn)
 u - a +0 pair of boots (worn)
Magical Staves
 d - a staff of poison
Jewellery
 g - an amulet of magic regeneration (around neck)
 h - a ring of positive energy (left hand)
 n - a ring of poison resistance (right hand)
 D - a ring of resist corrosion
Wands
 x - a wand of flame (14)
 y - a wand of polymorph (2)
 C - a wand of digging (12)
Scrolls
 c - 2 scrolls of immolation
 i - 5 scrolls of teleportation
 l - 2 scrolls of fog
 r - 2 scrolls of fear
 t - a scroll of vulnerability
 z - a scroll of enchant weapon
 B - a scroll of blinking {unknown}
Potions
 j - a potion of haste
 k - a potion of magic
 o - 2 potions of might
 p - 6 potions of flight
 s - a potion of curing
 w - a potion of attraction
 A - a potion of degeneration {unknown}
 E - 2 potions of lignification {unknown}
 F - 2 potions of ambrosia {unknown}


   Skills:
 + Level 5.6 Fighting
 + Level 8.3 Crossbows
 + Level 6.3 Dodging
 + Level 7.0 Stealth
 + Level 2.7 Invocations
 - Level 2.0 Evocations


You had 8 spell levels left.
You didn't know any spells.
Your spell library contained the following spells:

 Spells                   Type           Power      Damage    Failure   Level
 Dazzling Flash           Conj/Hex       0%         N/A       86%         3
 Portal Projectile        Hex/Tloc       0%         N/A       86%         3
 Agony                    Necr           0%         N/A       100%        5
 Blade Hands              Tmut           0%         N/A       100%        5
 Excruciating Wounds      Necr           0%         N/A       100%        5
 Silence                  Hex/Air        0%         N/A       100%        5


Dungeon Overview and Level Annotations

Branches:
Dungeon (7/15)             Temple (1/1) D:4           Sewer (visited)

Altars:
Ashenzari
Cheibriados
Dithmenos
Elyvilon
Fedhas
Gozag
Hepliaklqana
Nemelex Xobeh
Okawaru
Qazlal
Sif Muna
Trog
Uskayaw
Vehumet
Wu Jian
Xom
Yredelemnul
The Shining One

Annotations:
D:5 1 transporter


Innate Abilities, Weirdness & Mutations

You are small and have problems with some larger weapons.
You are completely attuned to the shadows.


Message History

You completely miss the wight.
The wight hits you with a +2 short sword.
* * * LOW HITPOINT WARNING * * *
You hit the wight but do no damage. The wight closely misses you.
You completely miss the wight. The wight misses you.
You hit the wight.
The wight is lightly damaged.
You hit the wight.
The wight is moderately damaged.
The wight misses you.
You hit the wight.
The wight is severely damaged.
The wight hits you with a +2 short sword.
* * * LOW HITPOINT WARNING * * *
You hit the wight.
The wight is almost destroyed.
The wight misses you.
You hit the wight but do no damage.
The wight is almost destroyed.
You hit the wight but do no damage.
The wight is almost destroyed.
The wight hits you with a +2 short sword.
* * * LOW HITPOINT WARNING * * *
You partially resist.
You feel drained.
You hit the wight but do no damage.
The wight is almost destroyed.
The wight misses you.
You closely miss the wight.
The wight is almost destroyed.
The wight hits you with a +2 short sword.
* * * LOW HITPOINT WARNING * * *
You hit the wight but do no damage.
The wight is almost destroyed.
You hit the wight but do no damage.
The wight is almost destroyed.
The wight completely misses you.
You barely miss the wight.
The wight is almost destroyed.
The wight hits you with a +2 short sword!
You die...

##.#######.#
........ #.#
##.##### #.#
.......# #.#
###.##.#
#.#######
.....#.#
#.....).#
..#..#.#
#######.#
[.#..#.# #.#
)>#..#.# #@#
....o..# #z#
######## #z#
#.# #.#


You could see 2 wights.

Vanquished Creatures
  Sigmund (D:3)
  A steam dragon (D:7)
  An ice beast (D:5)
  A centaur (D:7)
  Blork the orc (D:4)
  2 necrophages
  2 scorpions (D:4)
  3 wights (D:6)
  A jelly (D:5)
  An orc priest (D:5)
  Natasha (twice) (D:3)
  An iguana (D:4)
  A merfolk siren (Sewer)
  Ijyb (D:4)
  A merfolk avatar (Sewer)
  3 gnolls (D:4)
  4 adders
  5 river rats (Sewer)
  2 ufetubi
  2 worms (D:3)
  3 dart slugs
  14 orcs
  8 ball pythons
  8 endoplasms
  17 giant cockroaches
  5 goblins
  7 hobgoblins
  A jackal (D:2)
  13 quokkas
  5 bats
  10 frilled lizards
  10 kobolds
  20 rats
157 creatures vanquished.

Vanquished Creatures (others)
  5 plants (D:3)
5 creatures vanquished.

Grand Total: 162 creatures vanquished

Notes
Turn   | Place    | Note
-------+----------+-------------------------------------------
     0 | D:1      | AttackTheMoon the Kobold Hunter began the quest for the
                  | Orb.
     0 | D:1      | Reached XP level 1. HP: 12/12 MP: 1/1
   380 | D:1      | Reached XP level 2. HP: 18/18 MP: 2/2
   804 | D:1      | Found a faded altar of an unknown god.
  1156 | D:2      | Reached XP level 3. HP: 22/22 MP: 3/3
  1509 | D:2      | Reached XP level 4. HP: 27/27 MP: 4/4
  2350 | D:3      | Reached skill level 6 in Crossbows
  2418 | D:3      | Noticed Sigmund
  2425 | D:3      | Killed Sigmund
  2426 | D:3      | Reached XP level 5. HP: 33/33 MP: 5/5
  2426 | D:3      | Reached XP level 6. HP: 38/38 MP: 6/6
  2590 | D:3      | Noticed Natasha
  2596 | D:3      | Killed Natasha
  2975 | D:3      | Noticed Natasha
  2984 | D:3      | Killed Natasha
  3216 | D:3      | Found a basalt altar of Yredelemnul.
  3383 | D:4      | Noticed Blork the orc
  3391 | D:4      | Killed Blork the orc
  3392 | D:4      | Reached XP level 7. HP: 37/43 MP: 7/7
  3454 | D:4      | Found a staircase to the Ecumenical Temple.
  3465 | Temple   | Entered the Ecumenical Temple
  3841 | Temple   | Became a worshipper of Dithmenos the Shadowed
  3945 | D:4      | Reached skill level 7 in Crossbows
  3945 | D:4      | Reached skill level 5 in Stealth
  4205 | D:4      | Reached skill level 1 in Evocations
  4236 | D:4      | Reached skill level 5 in Dodging
  4252 | D:4      | Noticed Ijyb
  4281 | D:4      | Killed Ijyb
  5019 | D:4      | Found a shimmering altar of Xom.
  5041 | D:4      | Found a stormy altar of Qazlal.
  5101 | D:4      | Found an opulent altar of Gozag.
  5403 | D:5      | Entered Level 5 of the Dungeon
  5445 | D:5      | Found a glowing drain.
  5454 | Sewer    | Entered a sewer
  5472 | Sewer    | Reached * piety under Dithmenos
  5567 | Sewer    | Reached XP level 8. HP: 48/48 MP: 8/8
  5713 | Sewer    | Reached ** piety under Dithmenos
  5976 | D:5      | Reached skill level 5 in Fighting
  5976 | D:5      | Reached skill level 1 in Invocations
  6066 | D:5      | Found a hazy altar of Hepliaklqana.
  6367 | D:5      | Found a transporter.
  6369 | D:5      | You fall into a shaft and drop 2 floors!
  6646 | D:7      | Reached skill level 8 in Crossbows
  7124 | D:6      | Reached XP level 9. HP: 22/55 MP: 9/11
  7140 | D:6      | HP: 2/53 [wight/+2 short sword (6)]
  7143 | D:6      | Mangled by a wight

Illustrated notes

Levels and vault maps discovered:
D:1:      tarquinn_simple_flora_water_d, layout_basic,
          dreamdust_ecumenical_altar_angels_and_demons, minivault_19,
          serial_park_tiny_pond, st_stairs_6
D:2:      minmay_thinvault, layout_basic
D:3:      layout_loops_ring, mainiacjoe_overflow_alcove_4,
          chequers_serial_rivers_micro_e, uniq_sigmund, uniq_natasha
D:4:      layout_basic, kennysheep_mini, grunt_gozag_breadcrumbs,
          kennysheep_mini_moat, minmay_temple_entry_fiery, uniq_blork_the_orc,
          uniq_ijyb
D:5:      layout_loops_ring, overflow_temple_1_default,
          gammafunk_ghost_mausoleum, gup_sewer_entry_pipe
D:6:      layout_basic, minmay_three_doors
D:7:      layout_loops_ring, uniq_duvessa
Temple:   dshaligram_water_room_temple

Skill      XL: |  1  2  3  4  5  6  7  8 |
---------------+-------------------------+-----
Stealth        | 2 4 5 7 |  7.0
Dodging        | 3 4 5 6 |  6.3
Fighting       | 3 4 5 |  5.6
Crossbows      | 6 7 8 |  8.3
Evocations     | 2 |  2.0
Invocations    | 2 |  2.7

Action                   |  1- 3 |  4- 6 |  7- 9 || total
-------------------------+-------+-------+-------++-------
Melee: Short sword       |       |    11 |    97 ||   108
       Dagger            |       |     3 |    13 ||    16
 Fire: Hand crossbow     |    82 |    84 |   188 ||   354
Throw: Dart              |       |     5 |    13 ||    18
Evoke: Wand              |       |       |    10 ||    10
  Use: Scroll            |     7 |     8 |     3 ||    18
       Potion            |       |       |     1 ||     1
 Stab: Sleeping          |       |       |     2 ||     2
Armor: Leather armour    |     5 |     7 |    20 ||    32
Dodge: Dodged            |    21 |    23 |   141 ||   185

Table legend: (Time is in decaauts)
 A = Elapsed time spent in this place.
 B = Non-inter-level travel time spent in this place.
 C = Inter-level travel time spent in this place.
 D = Time resting spent in this place.
 E = Time spent auto-exploring this place.
 F = Levels seen in this place.
 G = Mean time per level.
                   A        B        C        D        E       F      G
               +--------+--------+--------+--------+--------+-----+--------+
         Total |   7254 |   7085 |    169 |    610 |   5125 |   9 |  806.0 |
       Dungeon |   6315 |   6158 |    157 |    610 |   4567 |   7 |  902.1 |
        Temple |    389 |    377 |     12 |      0 |    206 |   1 |  389.0 |
         Sewer |    550 |    550 |      0 |      0 |    352 |   1 |  550.0 |
               +--------+--------+--------+--------+--------+-----+--------+

Top non-repeatable levels by time:
     D:4: 1742 daAuts
     D:2: 1301 daAuts
     D:3: 1135 daAuts
     D:1: 873 daAuts
     D:6: 555 daAuts
   Sewer: 550 daAuts
     D:5: 504 daAuts
  Temple: 389 daAuts
     D:7: 202 daAuts
